 Dungeon Crawl Stone Soup version 0.29.1-13-g9f3cf754e1 (webtiles) character file.

Game seed: 9902536701124229508

104 MacCMillion the Slasher (level 4, 0/35 HPs)
             Began as a Merfolk Gladiator on Jan 24, 2023.
             Succumbed to an adder's poison
             ... on level 2 of the Dungeon.
             The game lasted 00:04:43 (2388 turns).

MacCMillion the Slasher (Merfolk Gladiator)         Turns: 2388, Time: 00:04:43

Health: 0/35       AC:  4    Str: 12    XL:     4   Next: 80%
Magic:  4/4        EV: 17    Int: 15    God:
Gold:   142        SH:  0    Dex: 15    Spells: 3/3 levels left

rFire   + . .      SeeInvis +   h - +3 short sword (speed)
rCold   . . .      Faith    .   (no shield)
rNeg    . . .      Spirit   .   b - +0 leather armour
rPois   .          Reflect  .   c - +0 helmet
rElec   .          Harm     .   (no cloak)
rCorr   .          Rampage  .   (no gloves)
Will    .....                   (no boots)
Stlth   +.........              (no amulet)
HPRegen 0.11/turn               g - +4 ring of evasion
MPRegen 0.09/turn               k - ring of see invisible

@: lethally poisoned (0 -> -3)
A: (nimble swimmer 2), mertail, clever 2, fire resistance 1
a: no special abilities


You were on level 2 of the Dungeon.
You visited 1 branch of the dungeon, and saw 2 of its levels.

You collected 142 gold pieces.

Inventory:

Hand Weapons
 a - a +0 long sword
 h - a +3 short sword of speed (weapon)
Missiles
 d - 3 throwing nets (quivered)
 e - a javelin
Armour
 b - a +0 leather armour (worn)
 c - a +0 helmet (worn)
 f - a +0 pair of boots
Jewellery
 g - a +4 ring of evasion (left hand)
 k - a ring of see invisible (right hand)
Scrolls
 i - 2 scrolls of identify {unknown}
 n - a scroll of enchant armour {unknown}
 o - a scroll of poison {unknown}
 p - a scroll of immolation {unknown}
 r - a scroll of amnesia {unknown}


   Skills:
 + Level 3.5 Fighting
 * Level 3.6(4.5) Short Blades
 - Level 4.1(4.8) Long Blades
 - Level 2.0 Throwing
 - Level 4.0 Dodging


You had 3 spell levels left.
You didn't know any spells.
Your spell library was empty.

Dungeon Overview and Level Annotations

Branches:
Dungeon (2/15)

Altars:


Innate Abilities, Weirdness & Mutations

((You are very nimble when in or above water. (Stealth+, EV+, Speed+++)))
Your lower body shifts to a powerful aquatic tail in water.
Your mind is very acute. (Int +8, Str/Dex -2)
Your flesh is heat resistant. (rF+)


Message History

The adder is heavily wounded.
You feel sick. The adder completely misses you.
You miss the adder.
The adder is heavily wounded.
You miss the adder.
The adder is heavily wounded.
You feel sick. The adder bites you.
You hit the adder but do no damage.
The adder is heavily wounded.
You feel sick. The adder completely misses you.
You miss the adder.
The adder is heavily wounded.
The adder bites you.
* * * LOW HITPOINT WARNING * * *
You are more poisoned.
The adder poisons you!
It was a potion of mutation.
You feel extremely strange.
You feel clever. x2; You feel resistant to heat.
* * * LOW HITPOINT WARNING * * *
You feel sick. The adder misses you.
It was a potion of haste.
You feel yourself speed up.
* * * LOW HITPOINT WARNING * * *
You feel sick. The adder barely misses you.
It was a potion of brilliance.
You feel clever all of a sudden. The adder bites you.
* * * LOW HITPOINT WARNING * * *
It was a potion of flight.
You feel very buoyant.
You fly up into the air.
You are no longer corroded.
* * * LOW HITPOINT WARNING * * *
You feel sick. The adder closely misses you.
It was a potion of cancellation.
Your magical effects are unravelling.
You feel magically purged.
You feel yourself slow down.
You float gracefully downwards.
You feel a little less clever now.
You die...

#### ## #. #### ##
..######## # #.#......#
####.#.####.#
#........##.##
#.##@#.#.....#
#.##.##S#.####..######
#..r..rJ#............###
#......##########.......
#.##.#.# #.##.##. #.#.#
#######.## ... # #!#
#........# #.. #.#
#........###.. #.#
#..........†..


You could see a jelly, an adder and a rat.

Vanquished Creatures
  3 gnolls
  2 adders (D:2)
  2 worms (D:2)
  3 ball pythons
  7 endoplasms
  2 giant cockroaches
  7 goblins
  5 hobgoblins
  2 quokkas
  5 bats
  3 frilled lizards
  2 kobolds
  7 rats
50 creatures vanquished.

Vanquished Creatures (others)
  3 plants (D:2)
3 creatures vanquished.

Grand Total: 53 creatures vanquished

Notes
Turn   | Place    | Note
-------+----------+-------------------------------------------
     0 | D:1      | MacCMillion the Merfolk Gladiator began the quest for the
                  | Orb.
     0 | D:1      | Reached XP level 1. HP: 16/16 MP: 1/1
   388 | D:1      | Reached XP level 2. HP: 21/23 MP: 2/2
   568 | D:1      | Reached skill level 1 in Short Blades
   726 | D:1      | Found a faded altar of an unknown god.
   970 | D:1      | Reached XP level 3. HP: 27/28 MP: 3/3
  1457 | D:2      | Reached XP level 4. HP: 35/35 MP: 4/4
  2384 | D:2      | Gained mutation: Your mind is acute. (Int +4, Str/Dex -1)
                  | [potion of mutation]
  2384 | D:2      | Gained mutation: Your mind is very acute. (Int +8, Str/Dex
                  | -2) [potion of mutation]
  2384 | D:2      | Gained mutation: Your flesh is heat resistant. (rF+)
                  | [potion of mutation]
  2387 | D:2      | HP: 1/35 [poisoned by an adder]
  2388 | D:2      | Succumbed to an adder's poison

Illustrated notes

Levels and vault maps discovered:
D:1:      lemuel_arrival_rhombus, layout_basic, ebering_ecumenical_altar_box
D:2:      layout_loops_cross, serial_bayou, serial_bayou_pond_b,
          serial_bayou_shore_b, serial_bayou_pond_b, serial_bayou_pond_d

Skill      XL: |  1  2  3  4 |
---------------+-------------+-----
Long Blades    | 4 |  4.1
Short Blades   | 1 2 3 |  3.6
Fighting       | 3 |  3.5
Throwing       | |  2.0
Dodging        | |  4.0

Action                   |  1- 3 |  4- 6 || total
-------------------------+-------+-------++-------
Melee: Long sword        |    21 |       ||    21
       Short sword       |    95 |    72 ||   167
       Punch             |     2 |     1 ||     3
  Use: Potion            |       |     5 ||     5
 Stab: Sleeping          |     2 |       ||     2
Armor: Leather armour    |    13 |    16 ||    29
Dodge: Dodged            |    53 |    82 ||   135
